 Dungeon Crawl Stone Soup version 0.26.1-12-g5ba1501909 (webtiles) character file.

Game seed: 16489539515686978191

26 CoveEight the Sneak (level 2, -2/16 HPs)
             Began as a Deep Elf Fire Elementalist on Dec 12, 2021.
             Slain by a hobgoblin
             ... wielding a +0 club
             ... led by Robin
              (7 damage)
             ... on level 2 of the Dungeon.
             The game lasted 00:00:44 (1365 turns).

CoveEight the Sneak (Deep Elf Fire Elementalist)    Turns: 1365, Time: 00:00:44

Health: -2/16      AC:  2    Str:  5    XL:     2   Next: 89%
Magic:  4/8        EV: 13    Int: 19    God:
Gold:   133        SH:  0    Dex: 15    Spells: 6/7 levels left

rFire    . . .     SeeInvis .   (no weapon)
rCold    . . .     Faith    .   (no shield)
rNeg     . . .     Spirit   .   a - +0 robe
rPois    .         Reflect  .   (no helmet)
rElec    .         Harm     .   (no cloak)
rCorr    .         Rampage  .   (no gloves)
Will     .....                  (no boots)
Stlth    ++........             (no amulet)
HPRegen  0.05/turn              (no ring)
MPRegen  0.11/turn              (no ring)

@: no status effects
A: no striking features
a: no special abilities


You were on level 2 of the Dungeon.
You visited 1 branch of the dungeon, and saw 2 of its levels.

You collected 133 gold pieces.

Inventory:

Armour
 a - a +0 robe (worn)
Jewellery
 g - an uncursed amulet of reflection {unknown}
Scrolls
 c - a scroll of blinking {unknown}
 e - a scroll of teleportation {unknown}
 f - a scroll of immolation {unknown}
 i - a scroll of noise {unknown}
Potions
 b - a potion of invisibility {unknown}
 d - a potion of heal wounds {unknown}
 h - a potion of ambrosia {unknown}


   Skills:
 + Level 1.3 Fighting
 - Level 2.4 Dodging
 + Level 3.6 Stealth
 - Level 3.0 Spellcasting
 - Level 1.1 Conjurations
 - Level 3.2 Fire Magic


You had 6 spell levels left.
You knew the following spells:

 Your Spells              Type           Power        Failure   Level
a - Foxfire               Conj/Fire      44%          6%          1

Your spell library contained the following spells:

 Spells                   Type           Power        Failure   Level
 Conjure Flame            Conj/Fire      11%          19%         3
 Inner Flame              Hex/Fire       9%           24%         3
 Sticky Flame             Conj/Fire      11%          52%         4
 Fireball                 Conj/Fire      5%           86%         5


Dungeon Overview and Level Annotations

Branches:
Dungeon (2/15)

Altars:
Okawaru

Annotations:
D:2 Robin


Message History

The giant cockroach is heavily wounded.
The kobold misses you.
The giant cockroach waves its antennae.
The giant cockroach bites you.
Casting: Foxfire (safe; 6% risk of failure)
Confirm with . or Enter, or press ? or * to list all spells.
You conjure some foxfire!
The kobold hits you. The giant cockroach bites you.
The foxfire hits the goblin.
You kill the goblin!
The foxfire hits the giant cockroach.
The giant cockroach is severely wounded.
The kobold closely misses you. The giant cockroach barely misses you.
Unknown command.
Casting: Foxfire (safe; 6% risk of failure)
Confirm with . or Enter, or press ? or * to list all spells.
You conjure some foxfire!
The foxfire hits the goblin.
You kill the goblin!
The giant cockroach closely misses you. The kobold closely misses you.
The hobgoblin hits you with a +0 club!
You die...

### #<# ############.#
#............#
#.############ #.#
#.###########
#######.##†g.......
..........B@§......
############.##K.v......
.........###.##.........
...†)..ggK.#K##.........
.......K.#.#.##.†.......
##########.gg##.........
#........##.........
#.#####.###.........
#..##


You could see a giant cockroach, a hobgoblin and a kobold.

Vanquished Creatures
  5 bats
  7 goblins
  4 hobgoblins
  2 frilled lizards (D:1)
  4 kobolds (D:1)
  3 rats
25 creatures vanquished.

Vanquished Creatures (others)
  135 foxfires
135 creatures vanquished.

Grand Total: 160 creatures vanquished

Notes
Turn   | Place    | Note
-------+----------+-------------------------------------------
     0 | D:1      | CoveEight the Deep Elf Fire Elementalist began the quest
                  | for the Orb.
     0 | D:1      | Reached XP level 1. HP: 10/10 MP: 6/6
   440 | D:1      | Reached XP level 2. HP: 16/16 MP: 6/8
   613 | D:1      | Reached skill level 1 in Fighting
  1311 | D:2      | Found an iron altar of Okawaru.
  1326 | D:2      | Noticed Robin
  1365 | D:2      | Slain by a hobgoblin

Illustrated notes

Levels and vault maps discovered:
D:1:      ncdulo_halloftheorcs, layout_basic
D:2:      layout_basic, grunt_temple_overflow_open, fedhas_altar_2, uniq_robin,
          uniq_terence, uniq_sigmund, uniq_natasha

Skill      XL: |  1  2 |
---------------+-------+-----
Stealth        | 3 |  3.6
Fighting       | 1 |  1.3
Dodging        | |  2.4
Spellcasting   | |  3.0
Conjurations   | |  1.1
Fire Magic     | |  3.2

Action                   || total
-------------------------++-------
 Cast: Foxfire           ||    84
Armor: Robe              ||     5
Dodge: Dodged            ||    21
